 Dungeon Crawl Stone Soup version 0.14.2 (webtiles) character file.

347 KristoblXynda the Ducker (level 5, -2/45 HPs)
             Began as a Troll Wizard on Oct 26, 2021.
             Slain by a slave (4 damage)
             ... led by Pikel
             ... on Level 3 of the Dungeon.
             The game lasted 00:05:27 (2671 turns).

KristoblXynda the Ducker (Troll Wizard)             Turns: 2671, Time: 00:05:27

HP  -2/45        AC  6     Str 15      XL: 5   Next: 90%
MP   6/6         EV 10     Int 15      God:
Gold 93          SH  0     Dex  8      Spells:  1 memorised,  7 levels left

rFire  . . .     SeeInvis .       - Unarmed
rCold  + . .     Clarity  .     a - +0 robe
rNeg   + + .     Conserve .     (shield restricted)
rPois  .         rCorr    .     b - +0 hat
rElec  .         rRot     .     n - +0 cloak
SustAb . .       Spirit   .     (gloves unavailable)
rMut   .         Warding  +     (boots unavailable)
Gourm  +         Stasis   .     f - amulet of warding {unknown}
MR     .....                    s - ring of protection from cold {unknown}
                                i - ring of positive energy {unknown}

@: confused, not resistant to hostile enchantments, very unstealthy
A: unfitting armour, claws 3, fast metabolism 3, gourmand, regeneration 2,
saprovore 2, shaggy fur 1, tough skin 2
a: no special abilities


You were on level 3 of the Dungeon.
You were not hungry.

You visited 1 branch of the dungeon, and saw 4 of its levels.

You collected 93 gold pieces.

Inventory:

Armour
 a - a +0 robe (worn)
 b - a +0 hat (worn)
 n - a +0 cloak (worn)
Comestibles
 d - 3 meat rations
 j - a lychee
 w - 2 bread rations
 x - 4 cheeses
Scrolls
 g - 3 scrolls of teleportation
 h - a scroll of fear {unknown}
 k - a scroll of magic mapping {unknown}
 q - a scroll of noise {unknown}
 t - a scroll of enchant armour {unknown}
 u - a scroll of recharging {unknown}
 y - a scroll of identify {unknown}
Jewellery
 f - an amulet of warding (around neck) {unknown}
 i - a ring of positive energy (left claw) {unknown}
 r - an uncursed amulet of the gourmand {unknown}
 s - a ring of protection from cold (right claw) {unknown}
Potions
 e - a potion of mutation {unknown}
 l - a potion of restore abilities {unknown}
 m - a potion of curing {unknown}
Books
 c - a book of Minor Magic

   Spells                             Type                      Level
   *Magic Dart                        Conjuration                  1
   Blink                              Translocation                2
   Call Imp                           Summoning                    2
   Repel Missiles                     Charms/Air                   2
   Slow                               Hexes                        2
   Conjure Flame                      Conjuration/Fire             3
   Mephitic Cloud                     Conjuration/Poison/Air       3


   Skills:
 + Level 3.2 Dodging
 - Level 1.1 Stealth
 + Level 3.1 Unarmed Combat
 - Level 2.0 Spellcasting
 + Level 2.5 Conjurations
   Level 0.6 Summonings
   Level 0.6 Translocations


You had 7 spell levels left.
You knew the following spells:

 Your Spells              Type           Power        Failure   Level  Hunger
a - Magic Dart            Conj           #...         10%         1    #......


Dungeon Overview and Level Annotations

Branches:
Dungeon (4/15)
 Temple: D:4-7

Altars:
Elyvilon

Annotations:
D:3 KristoblXynda's ghost, average DrGl
D:4 Pikel


Innate Abilities, Weirdness & Mutations

You are too large for most types of armour.
You have claws for hands.
Your metabolism is lightning-fast.
You like to eat raw meat.
You heal very quickly.
You can eat rotten meat.
You are covered in fur (AC +1).
You have very tough skin (AC +2).


Message History

The giant cockroach bites you but does no damage.
The slave hits you but does no damage. x2
The giant cockroach bites you but does no damage.
You miss the slave.
The slave is severely wounded.
The slave hits you!
* * * LOW HITPOINT WARNING * * *
The slave barely misses you. The giant cockroach closely misses you.
You miss the slave.
The slave is severely wounded.
The slave hits you.
* * * LOW HITPOINT WARNING * * *
The giant cockroach bites you but does no damage.
The slave barely misses you.
Drink which item? (? for menu, Esc to quit)
You are confused.
It was a potion of confusion.
The slave hits you but does no damage.
The giant cockroach bites you but does no damage.
The slave hits you.
You die...

### ### ### #.# #.# #.# #.#
#.#######.#
#.########.........########
#........#.#######.#)#.....
#.######.#.# #.#.#.#### #.#
#.#.# #.#....... ###.#
#.#@#######.#.#.#### #.#.#
#.#@s@...........).. #.#.#
#.#@#######.#.#.##.. #.#.#
#.#.#######.#.#.##.. #.#.####
#.............#.##..
#......#####.####.##%........
#.#..........# #............
#.####.#####.#######.###.####
#.# #.#####'#...............
#.# #.........#####.###.####


You could see 3 slaves and a giant cockroach.

Vanquished Creatures
  Ijyb (D:3)
  3 gnolls
  11 adders
  2 worms
  4 giant geckos
  An ooze (D:2)
  3 orcs (D:3)
  11 bats
  3 giant cockroaches
  6 hobgoblins
  4 quokkas
  5 ball pythons
  6 giant newts
  7 goblins
  12 kobolds
  26 rats
105 creatures vanquished.

Notes
Turn   | Place    | Note
--------------------------------------------------------------
     0 | D:1      | KristoblXynda, the Troll Wizard, began the quest for the Orb.
     0 | D:1      | Reached XP level 1. HP: 16/16 MP: 3/3
   216 | D:1      | Reached skill level 1 in Conjurations
   221 | D:1      | Reached XP level 2. HP: 22/24 MP: 3/3
   362 | D:1      | Reached skill level 1 in Unarmed Combat
   773 | D:2      | Reached XP level 3. HP: 19/31 MP: 5/5
   875 | D:2      | Found a white marble altar of Elyvilon.
   973 | D:2      | Reached XP level 4. HP: 27/39 MP: 5/5
  1346 | D:2      | Reached XP level 5. HP: 34/45 MP: 6/6
  1631 | D:3      | Reached skill level 3 in Dodging
  1975 | D:3      | Noticed Ijyb
  1985 | D:3      | Killed Ijyb
  2092 | D:3      | Noticed KristoblXynda's ghost (average DrGl)
  2647 | D:4      | Noticed a slave
  2647 | D:4      | Noticed a slave
  2647 | D:4      | Noticed a slave
  2649 | D:4      | Noticed Pikel
  2653 | D:4      | Noticed a slave
  2670 | D:3      | HP: 2/45 [slave[Pikel] (2)]
  2671 | D:3      | Slain by a slave

Action                   |  1- 3 |  4- 6 || total
-------------------------+-------+-------++-------
Melee: Unarmed           |   136 |   267 ||   403
  Use: Scroll            |       |     3 ||     3
       Potion            |       |     1 ||     1
 Stab: Sleeping          |       |     1 ||     1
